 Dungeon Crawl Stone Soup version 0.27.1-33-g824d729ab1 (webtiles) character file.

Game seed: 3595978900763258837

75640 pkoi the Covert (level 15, -4/121 HPs)
             Began as a Grey Draconian Enchanter on Dec 6, 2021.
             Was a High Priest of Dithmenos.
             Slain by a vampire mosquito (9 damage)
             ... on level 1 of the Swamp on Dec 7, 2021.
             The game lasted 01:42:05 (42125 turns).

pkoi the Covert (Grey Draconian Enchanter)         Turns: 42125, Time: 01:42:06

Health: -4/121     AC: 18    Str: 16    XL:     15   Next: 10%
Magic:  0/24       EV: 13    Int: 22    God:    Dithmenos [*****.]
Gold:   1953       SH:  0    Dex:  8    Spells: 5/26 levels left

rFire    . . .     SeeInvis .   h - +3 dagger (speed)
rCold    + + +     Faith    .   (no shield)
rNeg     + . .     Spirit   +   (armour unavailable)
rPois    +         Reflect  .   D - +0 hat
rElec    +         Harm     .   (no cloak)
rCorr    .         Rampage  .   O - +2 pair of gloves
Will     +....                  a - +0 pair of boots of the Sunfish {rElec rPois rC+++ Slay-2}
Stlth    +++++++...             n - amulet of Giapuas {Spirit rPois Str+4 Int+2 Dex-4}
HPRegen  0.30/turn              A - ring of the Devil's Advocate {rElec rN+ Slay+4}
MPRegen  0.19/turn              f - ring of flight

@: about to teleport, flying, slowed, wreathed by umbra, very slow
A: AC +14, amphibious, unfitting armour, cold-blooded
a: Renounce Religion, Shadow Step, Shadow Form


You were on level 1 of the Swamp.
You worshipped Dithmenos.
Dithmenos was extremely pleased with you.
You visited 5 branches of the dungeon, and saw 25 of its levels.
You also visited: Ice Cave.

You collected 2370 gold pieces.
You spent 417 gold pieces at shops.

Inventory:

Hand Weapons
 h - a +3 dagger of speed (weapon)
 i - a +2 dagger of venom
 N - the +12 hand crossbow of Wiuwk {freeze, Int+2 Dex+4}
   (You found it on level 4 of the Lair of Beasts)

   Any ammunition fired from it freezes those it strikes, dealing additional
   cold damage.
   It can also slow down cold-blooded creatures.
   Int:       It affects your intelligence (+2).
   Dex:       It affects your dexterity (+4).
Missiles
 b - 81 poisoned darts
 l - 13 curare-tipped darts
 Q - 164 bolts
Armour
 a - the +0 pair of boots of the Sunfish (worn) {rElec rPois rC+++ Slay-2}
   (You bought it in a shop on level 2 of the Orcish Mines)

   Slay:      It affects your accuracy & damage with ranged weapons and melee
   (-2).
   rC:        It renders you almost immune to cold.
   rElec:     It insulates you from electricity.
   rPois:     It protects you from poison.
 D - a +0 hat (worn)
 O - a +2 pair of gloves (worn)
Jewellery
 f - a ring of flight (right hand)
 m - a ring of wizardry
 n - the amulet of Giapuas (around neck) {Spirit rPois Str+4 Int+2 Dex-4}
   (You acquired it on level 5 of the Dungeon)

   [amulet of guardian spirit]

   It causes incoming damage to be divided between your reserves of health and
   magic.
   Str:       It affects your strength (+4).
   Int:       It affects your intelligence (+2).
   Dex:       It affects your dexterity (-4).
   rPois:     It protects you from poison.
 v - a +4 ring of evasion
 w - a ring of ice
 A - the ring of the Devil's Advocate (left hand) {rElec rN+ Slay+4}
   (You acquired it on level 8 of the Dungeon)

   [ring of slaying]

   Slay:      It affects your accuracy & damage with ranged weapons and melee
   (+4).
   rElec:     It insulates you from electricity.
   rN:        It protects you from negative energy.
 L - a ring of see invisible
Wands
 x - a wand of paralysis (29)
 y - a wand of flame (61)
 z - a wand of digging (7)
 E - a wand of iceblast (51)
 J - a wand of polymorph (28)
 K - a wand of charming (9)
Scrolls
 c - 6 scrolls of enchant armour
 d - 4 scrolls of amnesia
 k - 7 scrolls of teleportation
 p - a scroll of silence
 s - a scroll of summoning
 u - 4 scrolls of fear
 B - 8 scrolls of identify
 C - 2 scrolls of fog
 F - a scroll of blinking
 H - a scroll of holy word
 I - 2 scrolls of enchant weapon
 M - a scroll of magic mapping
Potions
 e - 2 potions of cancellation
 g - 5 potions of might
 j - 4 potions of magic
 o - 5 potions of flight
 q - 3 potions of invisibility
 r - 3 potions of curing
 t - 6 potions of heal wounds
 G - a potion of brilliance
 P - a potion of resistance


   Skills:
 - Level 7.8 Fighting
 - Level 10.1 Short Blades
 + Level 6.7 Dodging
 + Level 12.1 Stealth
 + Level 8.1 Unarmed Combat
 - Level 6.0 Spellcasting
 - Level 9.4 Hexes
 - Level 8.5 Necromancy
 + Level 3.1 Transmutations
 - Level 7.0 Ice Magic
 - Level 10.1 Earth Magic
 + Level 3.6 Invocations


You had 5 spell levels left.
You knew the following spells:

 Your Spells              Type           Power      Damage    Failure   Level
a - Tukima's Dance        Hex            48%        N/A       1%          3
b - Ensorcelled Hibernat  Hex/Ice        86%        N/A       1%          2
c - Borgnjor's Vile Clut  Necr/Erth      23%        N/A       5%          5
d - Confusing Touch       Hex            48%        N/A       1%          3
e - Cause Fear            Hex            24%        N/A       1%          4
f - Ice Form              Ice/Tmut       29%        N/A       11%         4

Your spell library contained the following spells:

 Spells                   Type           Power      Damage    Failure   Level
 Corona                   Hex            53%        N/A       1%          1
 Pain                     Necr           100%       1d9       1%          1
 Corpse Rot               Necr/Air       N/A        N/A       2%          2
 Dispel Undead            Necr           44%        3d17      2%          4
 Dazzling Flash           Conj/Hex       54%        N/A       4%          3
 Magic Dart               Conj           24%        1d4       9%          1
 Shock                    Conj/Air       24%        1d4       9%          1
 Call Imp                 Summ           6%         N/A       14%         2
 Static Discharge         Conj/Air       6%         N/A       14%         2
 Hailstorm                Conj/Ice       22%        3d7       22%         4
 Gell's Gravitas          Tloc           3%         N/A       26%         3
 Lesser Beckoning         Tloc           3%         N/A       26%         3
 Mephitic Cloud           Conj/Pois/Air  6%         N/A       26%         3
 Swiftness                Air            6%         N/A       26%         3
 Teleport Other           Tloc           6%         N/A       26%         3
 Airstrike                Air            3%         N/A       65%         4
 Iskenderun's Mystic Bla  Conj/Tloc      6%         2d4       65%         4
 Sticky Flame             Conj/Fire      6%         2d3       65%         4
 Alistair's Intoxication  Tmut/Pois      8%         N/A       80%         5
 Fireball                 Conj/Fire      3%         3d4       94%         5
 Iskenderun's Battlesphe  Conj           6%         2d6       94%         5
 Simulacrum               Ice/Necr       20%        N/A       50%         6
 Dispersal                Tloc           3%         N/A       100%        6
 Eringya's Noxious Bog    Tmut/Pois      6%         N/A       100%        6
 Starburst                Conj/Fire      3%         6d3       100%        6
 Dragon Form              Tmut           10%        N/A       100%        7
 Disjunction              Tloc           3%         N/A       100%        8
 Ignition                 Fire           3%         3d4       100%        8
 Dragon's Call            Summ           3%         N/A       100%        9
 Fire Storm               Conj/Fire      3%         8d1       100%        9


Dungeon Overview and Level Annotations

Branches:
Dungeon (15/15)            Temple (1/1) D:7            Lair (6/6) D:8
  Swamp (1/4) Lair:3       Spider (0/4) Lair:2        Slime (0/5) Lair:5
    Orc (2/2) D:12            Elf (0/3) Orc:2        Vaults (0/5) D:13
  IceCv (visited)
 Depths: D:15

Altars:
Ashenzari
Cheibriados
Dithmenos
Elyvilon
Fedhas
Gozag
Hepliaklqana
Kikubaaqudgha
Makhleb
Nemelex Xobeh
Okawaru
Qazlal
Ru
Sif Muna
Trog
Uskayaw
Vehumet
Wu Jian
Xom
Yredelemnul
Zin
The Shining One
Jiyva

Shops:
D:13 (   Orc:1 =   Orc:2 :?:[

Annotations:
Lair:1 3 runed translucent doors, hilljack's ghost, journeyman GrEE
Lair:2 exclusion: 4 oklob plants
Lair:5 2 transporters, Qegirch's ghost, journeyman GrBe


Innate Abilities, Weirdness & Mutations

Your dull iron-grey scales are very hard. (AC +14)
You are amphibious.
You cannot fit into any form of body armour.
You are cold-blooded and may be slowed by cold attacks.


Message History

The will-o-the-wisp conjures some foxfire!
The will-o-the-wisp blinks! 2 foxfires come into view.
Your surroundings suddenly seem different. 2 vampire mosquitoes come into view.
Found a scroll of fear and 10 stones.
The vampire mosquito buzzes angrily. x2; You hear a roar!
A four-headed hydra comes into view.
The foxfire moves out of view. x2
Casting: Ice Form (dangerous; 11% risk of failure)
Confirm with . or Enter, or press ? or * to list all spells.
Your hands begin to glow brighter.
The vampire mosquito misses you. The vampire mosquito barely misses you.
The vampire mosquito closely misses you.
The vampire mosquito barely misses you. The vampire mosquito misses you.
Unknown command.
You hit the vampire mosquito but do no damage.
The vampire mosquito barely misses you.
The vampire mosquito bites you but does no damage.
Unknown command.
You hit the vampire mosquito but do no damage.
The vampire mosquito appears confused.
You tail-slap the vampire mosquito.
The vampire mosquito is lightly damaged.
The vampire mosquito bites you but does no damage.
The vampire mosquito misses the vampire mosquito.
Unknown command.
As you read the scroll of teleportation, it crumbles to dust.
You feel strangely unstable. The vampire mosquito barely misses you.
The vampire mosquito bites you!
* * * LOW HITPOINT WARNING * * *
The vampire mosquito draws strength from your injuries!
The vampire mosquito bites you.
* * * LOW HITPOINT WARNING * * *
The vampire mosquito draws strength from your injuries!
The vampire mosquito bites you!
* * * LOW HITPOINT WARNING * * *
The vampire mosquito draws strength from your injuries!
The vampire mosquito misses you. The vampire mosquito barely misses you.
The vampire mosquito bites you!
You die...

♣♣♣♣♣♣
♣....♣♣
♣§≈≈§.♣
♣.≈≈≈.♣
♣♣♣♣...?.♣♣
......≈D≈@♣
≈...(≈.≈yy♣
≈≈...§.≈≈.♣
≈≈≈≈....♣♣♣
≈≈≈≈....♣
≈≈≈≈≈...♣
≈≈≈≈..≈♣♣
.≈♣♣♣≈♣


You could see a four-headed hydra and 2 vampire mosquitoes.

Vanquished Creatures
  Gastronok (D:9)
  Louise (Swamp:1)
  A bunyip (Swamp:1)
  An eleionoma (Swamp:1)
  2 boulder beetles
  4 hydras
  A merfolk avatar (Lair:6)
  An alligator (Swamp:1)
  5 centaur warriors
  4 two-headed ogres
  3 orc high priests (Orc:2)
  Sonja (Lair:4)
  A shadow wraith (D:13)
  2 goliath frogs (Swamp:1)
  2 sea snakes
  Pikel (D:9)
  3 bog bodies (Lair:3)
  5 orc knights
  2 deep elf pyromancers
  A cyclops (D:13)
  7 orc sorcerers
  2 manticores
  6 elephants (Lair:3)
  3 black mambas
  A torpor snail (Lair:5)
  8 cane toads
  2 unseen horrors
  16 komodo dragons
  A komodo dragon (shapeshifter) (D:14)
  8 rime drakes
  6 polar bears
  2 wind drakes (Lair:6)
  4 trolls
  2 tyrant leeches (Swamp:1)
  14 slime creatures
  2 dream sheep (D:11)
  12 blink frogs
  A hornet (Swamp:1)
  The ghost of KittyFluff the Skirmisher, an amateur GrBe of Trog (D:4)
  A spriggan (Swamp:1)
  A shadow (D:10)
  3 wraiths
  47 yaks
  A vampire (D:14)
  Eustachio (D:5)
  2 basilisks
  10 wyverns
  23 vampire mosquitoes
  5 swamp worms
  3 wargs
  2 acid dragons
  Edmund (D:4)
  16 water moccasins
  25 orc warriors
  A swamp drake (Swamp:1)
  2 ice beasts
  5 black bears
  7 ogres
  2 necrophages
  12 centaurs
  6 wolves
  A phantom (D:4)
  2 lemures (D:9)
  5 kobold brigands
  A gnoll sergeant (D:9)
  11 bullfrogs
  2 scorpions
  A killer bee (D:8)
  6 wights
  4 electric eels
  4 howler monkeys
  2 bullfrog skeletons
  4 centaur zombies
  2 jellies
  2 hounds (D:6)
  A centaur skeleton (D:5)
  19 orc priests
  A gnoll shaman (D:9)
  A scorpion zombie (D:5)
  3 iguanas
  25 orc wizards
  A killer bee zombie (D:8)
  4 gnolls (D:9)
  A howler monkey zombie (D:9)
  5 adders
  A shadow imp (D:3)
  A white imp (D:7)
  2 ufetubi
  3 dart slugs
  65 orcs
  5 bats
  3 endoplasms (D:2)
  5 goblins
  5 hobgoblins
  16 kobolds
  3 quokkas
  6 ball pythons
  8 frilled lizards
  3 rats
550 creatures vanquished.

Vanquished Creatures (collateral kills)
  3 orcs (D:8)
3 creatures vanquished.

Vanquished Creatures (others)
  An electric eel (Lair:3)
  An orc priest (Orc:2)
  An orc wizard (D:3)
  3 kobolds (D:4)
  10 foxfires (Swamp:1)
  101 fungi
  136 plants
253 creatures vanquished.

Grand Total: 806 creatures vanquished

Notes
Turn   | Place    | Note
-------+----------+-------------------------------------------
     0 | D:1      | pkoi the Draconian Enchanter began the quest for the Orb.
     0 | D:1      | Reached XP level 1. HP: 14/14 MP: 3/3
   606 | D:1      | Found a faded altar of an unknown god.
   898 | D:1      | Reached XP level 2. HP: 20/20 MP: 5/5
  1150 | D:2      | Learned a level 2 spell: Ensorcelled Hibernation
  1614 | D:2      | Reached skill level 1 in Unarmed Combat
  1714 | D:2      | Reached XP level 3. HP: 26/26 MP: 6/6
  2266 | D:2      | Reached skill level 3 in Stealth
  2455 | D:3      | Reached skill level 1 in Ice Magic
  2775 | D:3      | Found a radiant altar of Vehumet.
  2788 | D:3      | Reached XP level 4. HP: 12/34 MP: 0/7
  3190 | D:3      | Found an ancient bone altar of Kikubaaqudgha.
  3470 | D:2      | Reached skill level 1 in Fighting
  3470 | D:2      | Reached XP level 5. HP: 27/40 MP: 2/8
  3666 | D:3      | Got Kikubaaqudgha's Reference Book on Evil Magic
  3672 | D:3      | Found a shimmering blue altar of Sif Muna.
  4021 | D:4      | Noticed a black bear
  4031 | D:4      | Killed a black bear
  4032 | D:4      | Reached XP level 6. HP: 22/48 MP: 4/9
  4351 | D:4      | Found a runed translucent gate.
  4351 | D:4      | Found a runed translucent gate.
  4351 | D:4      | Found a runed translucent gate.
  4354 | D:4      | Noticed KittyFluff's ghost (amateur GrBe)
  4748 | D:4      | Reached skill level 4 in Stealth
  4748 | D:4      | Reached skill level 5 in Hexes
  4748 | D:4      | Your scales start taking on a dull iron-grey colour.
  4748 | D:4      | Reached XP level 7. HP: 56/56 MP: 10/10
  4987 | D:4      | Noticed Edmund
  5433 | D:4      | Killed Edmund
  5994 | D:5      | Entered Level 5 of the Dungeon
  6168 | D:5      | Reached XP level 8. HP: 63/63 MP: 11/11
  6248 | D:5      | Found a hide-covered altar of Uskayaw.
  6250 | D:5      | Identified a scroll of acquirement
  6250 | D:5      | Acquired the amulet of Giapuas {Spirit rPois Str+4 Int+2
                  | Dex-4}
  6324 | D:5      | Noticed Eustachio
  6378 | D:5      | Killed Eustachio
  6504 | D:5      | Found a large runed translucent door.
  6507 | D:5      | Found a large runed translucent door.
  7094 | D:6      | Reached skill level 5 in Stealth
  7231 | D:6      | Learned a level 3 spell: Tukima's Dance
  7237 | D:6      | Learned a level 5 spell: Borgnjor's Vile Clutch
  7842 | D:7      | Found a staircase to the Ecumenical Temple.
  7875 | Temple   | Entered the Ecumenical Temple
  8104 | Temple   | Became a worshipper of Dithmenos the Shadowed
  8163 | D:7      | Reached skill level 1 in Necromancy
  8163 | D:7      | Reached skill level 1 in Earth Magic
  8179 | D:7      | Reached XP level 9. HP: 64/72 MP: 6/13
  8525 | D:7      | Found an iron altar of Okawaru.
  8590 | D:7      | Found a white marble altar of Elyvilon.
  8791 | D:7      | Reached skill level 5 in Short Blades
  9379 | D:8      | Noticed a two-headed ogre
  9403 | D:8      | HP: 2/73 [centaur/arrow (4)]
  9930 | D:7      | Learned a level 3 spell: Confusing Touch
  9964 | D:7      | Reached * piety under Dithmenos
  9965 | D:7      | Reached skill level 5 in Ice Magic
 10216 | D:8      | Noticed a cyclops
 10464 | D:8      | Reached skill level 6 in Stealth
 10538 | D:7      | Killed a two-headed ogre
 10888 | D:7      | Reached XP level 10. HP: 55/80 MP: 13/16
 11650 | D:8      | Found a staircase to the Lair.
 11693 | D:8      | Paralysed by an orc wizard for 5 turns
 11722 | D:8      | Paralysed by something for 2 turns
 11739 | D:8      | Reached skill level 5 in Fighting
 12313 | D:8      | Acquired the ring of the Devil's Advocate {rElec rN+
                  | Slay+4}
 12713 | D:8      | Reached skill level 5 in Earth Magic
 12794 | D:8      | Reached ** piety under Dithmenos
 13201 | Lair:1   | Entered Level 1 of the Lair of Beasts
 13201 | Lair:1   | Noticed a cane toad
 13206 | Lair:1   | Reached skill level 7 in Stealth
 13209 | Lair:1   | Killed a cane toad
 13444 | Lair:1   | Reached XP level 11. HP: 78/89 MP: 12/17
 13655 | Lair:1   | Found a runed translucent gate.
 13655 | Lair:1   | Found a runed translucent gate.
 13655 | Lair:1   | Found a runed translucent gate.
 13656 | Lair:1   | Noticed a 12-headed hydra
 13658 | Lair:1   | Noticed hilljack's ghost (journeyman GrEE)
 13797 | Lair:1   | Noticed a six-headed hydra
 14311 | D:8      | Reached skill level 8 in Stealth
 14442 | D:9      | Noticed a deep elf pyromancer
 14444 | D:9      | Killed a deep elf pyromancer
 14618 | D:9      | Identified the +5 plate armour "Bixeloff" {rC+}
 14631 | D:9      | Noticed Pikel
 14691 | D:9      | Killed Pikel
 15215 | D:9      | Noticed a two-headed ogre
 15524 | D:9      | Reached skill level 5 in Necromancy
 15525 | D:9      | Killed a two-headed ogre
 15884 | D:9      | Noticed Gastronok
 15922 | D:9      | Killed Gastronok
 16119 | D:10     | Entered Level 10 of the Dungeon
 16120 | D:10     | Noticed a two-headed ogre
 16122 | D:10     | Killed a two-headed ogre
 16123 | D:10     | Reached skill level 9 in Stealth
 16141 | D:10     | Noticed a two-headed ogre
 16151 | D:10     | Killed a two-headed ogre
 16401 | D:9      | Reached *** piety under Dithmenos
 16812 | D:10     | Found a blossoming altar of Fedhas.
 17433 | D:11     | Reached XP level 12. HP: 95/95 MP: 18/18
 17615 | D:11     | Found a frozen archway.
 17620 | IceCv    | Entered an ice cave
 18613 | D:11     | Noticed a boulder beetle
 18637 | D:11     | Killed a boulder beetle
 18744 | D:11     | Noticed a two-headed hydra
 18751 | D:11     | Killed a two-headed hydra
 19296 | D:12     | Noticed an eight-headed hydra
 19304 | D:12     | Killed an eight-headed hydra
 19305 | D:12     | Reached skill level 10 in Stealth
 19394 | D:12     | Found a staircase to the Orcish Mines.
 19897 | D:12     | Reached **** piety under Dithmenos
 20023 | D:12     | Reached skill level 10 in Short Blades
 20157 | D:12     | Found a hide-covered altar of Uskayaw.
 20214 | D:12     | Identified the +1 scale mail of Miracles {Rampage rC+ Dex-2
                  | SInv}
 20288 | D:12     | Noticed a centaur warrior
 20290 | D:12     | Killed a centaur warrior
 20461 | D:12     | Learned a level 4 spell: Cause Fear
 20959 | D:13     | Noticed an ice dragon
 21876 | Lair:2   | Reached XP level 13. HP: 92/102 MP: 10/19
 22076 | Lair:2   | Found a hole to the Spider Nest.
 24193 | Lair:3   | Found a staircase to the Swamp.
 24494 | Lair:3   | Reached skill level 10 in Earth Magic
 25686 | Lair:4   | Reached skill level 5 in Unarmed Combat
 25697 | Lair:4   | Identified the +12 hand crossbow of Wiuwk {freeze, Int+2
                  | Dex+4}
 25810 | Lair:4   | Noticed Sonja
 26247 | Lair:4   | Killed Sonja
 26912 | Lair:5   | Noticed Qegirch's ghost (journeyman GrBe)
 27107 | Lair:5   | Found a viscous altar of Jiyva.
 27114 | Lair:5   | Found a transporter.
 27120 | Lair:5   | Found a bloodstained altar of Trog.
 27124 | Lair:5   | Found a transporter.
 27289 | Lair:5   | Found a staircase to the Slime Pits.
 28078 | Lair:5   | Reached skill level 11 in Stealth
 28450 | Lair:6   | Entered Level 6 of the Lair of Beasts
 29196 | Lair:6   | Reached skill level 5 in Spellcasting
 29385 | Lair:6   | Reached XP level 14. HP: 111/113 MP: 17/21
 30490 | Lair:6   | Found the +8 trident of the Octopus King {venom, rElec
                  | rPois Will+}
 31216 | D:5      | Found a broken altar of Ashenzari.
 31219 | D:5      | Found a hazy altar of Hepliaklqana.
 31276 | D:4      | Killed KittyFluff's ghost
 33464 | D:13     | Found Uloall's Antique Weapon Emporium.
 33582 | D:13     | Reached skill level 5 in Dodging
 34279 | D:13     | Found a gate to the Vaults.
 34412 | D:14     | Reached ***** piety under Dithmenos
 35462 | D:14     | Got Sif Muna's Compendium of Floating Confrontation
 35494 | D:15     | Entered Level 15 of the Dungeon
 35800 | Swamp:1  | Entered Level 1 of the Swamp
 35820 | Swamp:1  | Noticed Louise
 35951 | Swamp:1  | Killed Louise
 36315 | Swamp:1  | Learned a level 4 spell: Ice Form
 36347 | Swamp:1  | Reached skill level 1 in Invocations
 36378 | Swamp:1  | Reached skill level 1 in Transmutations
 37480 | Orc:1    | Entered Level 1 of the Orcish Mines
 37480 | Orc:1    | Found a burning altar of Makhleb.
 37480 | Orc:1    | Found Kysoxari's Jewellery Boutique.
 38001 | Orc:2    | Entered Level 2 of the Orcish Mines
 38484 | Orc:2    | Found a staircase to the Elven Halls.
 38819 | Orc:2    | Found Povouz's Book Boutique.
 38840 | Orc:2    | Paralysed by an orc sorcerer for 6 turns
 39375 | Orc:2    | Paralysed by an orc sorcerer for 7 turns
 39607 | Orc:2    | Reached skill level 12 in Stealth
 40258 | Orc:2    | Reached XP level 15. HP: 113/121 MP: 16/24
 40259 | Orc:2    | Paralysed by an orc sorcerer for 6 turns
 40731 | Orc:2    | Found Ofoab's Book Shoppe.
 40737 | Orc:2    | Found Tofripna's Antique Armour Shoppe.
 40739 | Orc:2    | Found Cubbuf's Magic Scroll Boutique.
 40745 | Orc:2    | Bought a pair of steaming boots for 275 gold pieces
 40745 | Orc:2    | Identified the +0 pair of boots of the Sunfish {rElec rPois
                  | rC+++ Slay-2} (You bought it in a shop on level 2 of the
                  | Orcish Mines)
 40752 | Orc:2    | Bought a scroll of summoning for 142 gold pieces
 42124 | Swamp:1  | HP: 4/121 [vampire mosquito (6)]
 42125 | Swamp:1  | Slain by a vampire mosquito

Illustrated notes

Levels and vault maps discovered:
D:1:      dpeg_arrival_signposts, layout_loops_ring,
          dreamdust_ecumenical_altar_statues
D:2:      layout_basic, kennysheep_nub, amcnicky_mini_corridor_feature,
          st_stairs_6
D:3:      layout_basic, palyth_temple_overflow_mages
D:4:      layout_basic, gammafunk_ghost_nasty_kobolds, uniq_edmund
D:5:      layout_loops_ring, mainiacjoe_overflow_small_starburst,
          jmf_multi_god_temple2, uniq_eustachio
D:6:      layout_basic
D:7:      layout_rooms, kennysheep_okawaru_gauntlet, elyvilon_altar_3,
          minmay_temple_entry_mini_moons, st_stairs_1, minmay_splitting_lines,
          dk_noncrumbling_4
D:8:      kennysheep_blocky_room, layout_gridville, due_lair_maze_entry_diamond,
          serial_rivers, chequers_serial_rivers_small_3,
          chequers_serial_rivers_large_b, chequers_serial_rivers_micro_b,
          chequers_serial_rivers_micro_b, minmay_orc_keep
D:9:      minmay_evil_eye, layout_loops_ring, uniq_pikel, uniq_gastronok
D:10:     layout_roguey, mainiacjoe_overflow_chevrons, corexii_leaking_fountain
D:11:     layout_long_grid, portal_ice_cave_entry_pillars_2, hangedman_ranch
D:12:     layout_roguey, david_orc_1_choice, eat_drink_and_be_merry_uskayaw
D:13:     layout_basic, david_vaults_4, serial_shops, kennysheep_mini_moat,
          hive_lemuel
D:14:     layout_roguey
D:15:     gammafunk_enter_depths_forms, layout_loops_corners,
          minmay_misc_feat_four_crosses, corexii_hall_statues_t,
          beargit_elvish_explorers, uniq_rupert
Temple:   oiseaux_autumnal_temple
Lair:1:   layout_long_grid, gammafunk_ghost_hydra_chop
Lair:2:   layout_cave_shapes, dummy_spider_entry, grunt_megastairs_3,
          serial_bayou_shore_a, infiniplex_staircase_pool,
          minmay_lair_oklob_chamber
Lair:3:   nzn_winding_woodlands_stair_trap
          [nzn_winding_woodlands_5x15_longhouse,
          nzn_winding_woodlands_5x15_lazy_stream,
          nzn_winding_woodlands_5x15_pathside_ponds,
          nzn_winding_woodlands_15x15_killbox,
          nzn_winding_woodlands_5x15_default, nzn_winding_woodlands_5x15_pool,
          nzn_winding_woodlands_5x15_crooked], layout_regular_city,
          nicolae_swamp_entry_splash_gauntlet, serial_bayou_pond_d,
          beast_lair_carwin_8
Lair:4:   layout_roguey, hangedman_lair_unloving_vines, grunt_megastairs_2,
          uniq_sonja
Lair:5:   layout_roguey, slime_altar_1, gammafunk_ghost_wrathful_warriors,
          beast_lair_carwin_2, serial_bayou_shore_b, infiniplex_staircase_pool_2
Lair:6:   gammafunk_lair_ancient_temple, layout_loops_ring
Swamp:1:  layout_basic_swamp, evilmike_swamp_ruin_house_1, uniq_louise
Orc:1:    layout_caves, basic_altar, minmay_shop_enchanted_jewellery
Orc:2:    st_orc_elflike, layout_diamond_mine

Skill      XL: |  1  2  3  4  5  6  7  8  9 10 11 12 13 14 15 |
---------------+----------------------------------------------+-----
Hexes          | 3 4 5 6 7 8 9 |  9.4
Unarmed Combat | 1 4 6 8 |  8.1
Stealth        | 3 4 5 6 7 9 10 11 12 | 12.1
Ice Magic      | 1 2 3 4 5 6 7 |  7.0
Short Blades   | 2 3 4 5 6 9 10 | 10.1
Fighting       | 1 2 3 4 5 7 |  7.8
Necromancy     | 1 3 4 6 8 |  8.5
Earth Magic    | 1 3 5 7 9 10 | 10.1
Spellcasting   | 4 5 6 |  6.0
Dodging        | 2 4 6 |  6.7
Invocations    | 3 |  3.6
Transmutations | 2 3 |  3.1

Action                   |  1- 3 |  4- 6 |  7- 9 | 10-12 | 13-15 || total
-------------------------+-------+-------+-------+-------+-------++-------
Melee: Dagger            |   116 |    65 |   370 |   634 |   743 ||  1928
       Tailslap          |     4 |     5 |    41 |    66 |    84 ||   200
       Punch             |       |       |     2 |     8 |    20 ||    30
       Unarmed           |       |       |       |       |    63 ||    63
 Fire: Hand crossbow     |       |       |       |       |    11 ||    11
 Cast: Ensorcelled Hiber |    13 |     9 |    54 |   126 |   260 ||   462
       Confusing Touch   |       |       |     3 |    22 |    42 ||    67
       Tukima's Dance    |       |       |       |     4 |       ||     4
       Cause Fear        |       |       |       |     1 |     7 ||     8
       Borgnjor's Vile C |       |       |       |       |     4 ||     4
       Ice Form          |       |       |       |       |     2 ||     2
Invok: Shadow Step       |       |       |       |       |     1 ||     1
 Abil: End Transformatio |       |       |       |       |     1 ||     1
  Use: Scroll            |       |     3 |    11 |    11 |     6 ||    31
       Potion            |       |       |       |       |     1 ||     1
 Stab: Sleeping          |    16 |     6 |    28 |    98 |   173 ||   321
       Distracted        |       |       |     1 |     1 |     4 ||     6
       Confused          |       |       |     2 |    21 |    39 ||    62
Armor: Skin              |    29 |    22 |   131 |   147 |   277 ||   606
Dodge: Dodged            |    88 |    27 |   281 |   334 |   461 ||  1191
